 Dungeon Crawl Stone Soup version 0.30.0-13-g156ef70053 (webtiles) character file.

Game seed: 2850095084392622557

61 browni3141 the Shield-Bearer (level 3, -8/48 (49) HPs)
             Began as a Minotaur Fighter on May 17, 2023.
             Mangled by Crazy Yiuf
             ... wielding a +3 quarterstaff of chaos
              (17 damage)
             ... on level 2 of the Dungeon.
             The game lasted 00:00:35 (1675 turns).

browni3141 the Shield-Bearer (Minotaur Fighter)     Turns: 1675, Time: 00:00:36

HP:   -8/48 (49)    AC: 21    Str: 20    XL:     3   Next: 83%
MP:   2/2           EV:  2    Int:  5    God:
Gold: 78            SH:  0    Dex: 11    Spells: 2/2 levels left

rFire   . . .        a - +0 war axe
rCold   . . .        c - +0 buckler
rNeg    . . .        b - melded +0 scale mail
rPois   +            (helmet currently unavailable)
rElec   .            (cloak currently unavailable)
rCorr   .            (gloves currently unavailable)
SInv    .            (boots currently unavailable)
Will    .....        (no amulet)
Stlth   +            (no ring)
HPRegen 0.28/turn    (no ring)
MPRegen 0.08/turn

%: no passive effects
@: confused, tree-form, lightly drained
A: stationary, stasis, torment immunity, boosted hp, (horns 2), (retaliatory
headbutt)
a: no special abilities


You were on level 2 of the Dungeon.
You were a tree.
You visited 1 branch of the dungeon, and saw 2 of its levels.

You collected 78 gold pieces.

Inventory:

Hand Weapons
 a - a +0 war axe (weapon)
Armour
 b - a +0 scale mail (melded)
 c - a +0 buckler (worn)
Jewellery
 U - a ring of resist corrosion
Scrolls
 N - 4 scrolls of identify {unknown}
 O - a scroll of amnesia {unknown}
 R - 2 scrolls of teleportation {unknown}
 V - a scroll of brand weapon {unknown}
 W - a scroll of magic mapping {unknown}
Potions
 L - 2 potions of lignification
 M - 3 potions of might
 P - 2 potions of degeneration {unknown}
 S - a potion of curing {unknown}
 T - 2 potions of magic {unknown}


   Skills:
 + Level 4.0 Fighting
 * Level 3.5 Axes
 + Level 4.1 Armour
 + Level 1.2 Dodging
 + Level 4.1 Shields


You had 2 spell levels left.
You didn't know any spells.
Your spell library contained the following spells:

 Spells                   Type           Power      Damage    Failure   Level
 Petrify                  Tmut/Erth      0%         N/A       100%        4
 Metabolic Englaciation   Hex/Ice        0%         N/A       100%        5
 Statue Form              Tmut/Erth      0%         N/A       100%        6


Dungeon Overview and Level Annotations

Branches:
Dungeon (2/15)

Altars:

Annotations:
D:2 Crazy Yiuf


Innate Abilities, Weirdness & Mutations

You are a tree.
Your roots penetrate the ground, keeping you stationary.
You cannot be teleported.
You are immune to unholy pain and torment.
Your maximum health is greatly increased.
Your equipment is partially melded.
((You have a pair of horns on your head.))
((You reflexively headbutt those who attack you in melee.))


Message History

Found a stone staircase leading down.
V - a scroll labelled ECUNUROOPY No target in view!
No target in view!
No target in view!
No target in view!
Found a stone staircase leading down.
No target in view!
W - a scroll labelled REKHYU MOLIZOO No target in view!
You pick up a book of Sloth and begin reading...
You add the spells Petrify, Metabolic Englaciation and Statue Form to your library. 3 jackals come into view.
The jackal barks! x2
You slash the jackal!
You kill the jackal!
A rat comes into view.
The jackal bites you but does no damage.
There are monsters nearby!
You closely miss the jackal. You block the jackal's attack.
The jackal bites you but does no damage.
You barely miss the jackal. The jackal barely misses you.
You furiously retaliate!
You headbutt the jackal!
You kill the jackal!
You slash the jackal!
You kill the jackal!
The rat bites you.
You see here a jackal corpse.
You hit the rat.
You kill the rat!
No target in view!
N - 4 scrolls labelled ZEOSEG FUOM (gained 1)
P - 2 glowing brown potions (gained 1)
Q - 3 fuming pink potions (gained 2) Key pressed, stopping explore.
No target in view!
No target in view!
No target in view!
A bat comes into view.
A bat is nearby!
You barely miss the bat. Your headbutt misses the bat.
The bat hits you but does no damage. x2
A bat is nearby!
You closely miss the bat. The bat closely misses you. The bat hits you.
A bat is nearby!
You barely miss the bat. The bat hits you but does no damage.
The bat barely misses you. You furiously retaliate!
You headbutt the bat, but do no damage. The bat hits you but does no damage.
The bat hits you but does no damage.
A bat is nearby!
You barely miss the bat. The bat hits you but does no damage.
The bat barely misses you. The bat hits you but does no damage.
You hit the bat.
You kill the bat!
No target in view!
No target in view!
No target in view!
No target in view!
You now have 52 gold pieces (gained 12).
You now have 62 gold pieces (gained 10).
Key pressed, stopping explore.
You see here a jackal corpse.
You see here 7 stones.
Key pressed, stopping explore.
You see here a +0 robe.
You see here a +0 robe.
Key pressed, stopping explore.
You now have 78 gold pieces (gained 16).
There is a stone staircase leading up here.
There is an escape hatch in the ceiling here.
There is a stone staircase leading up here.
There is an escape hatch in the floor here.
Crazy Yiuf shouts!
Could not explore, unopened runed door.
Could not explore, unopened runed door.
No reachable target in view!
You open the door. You hit Crazy Yiuf. You headbutt Crazy Yiuf.
Crazy Yiuf is moderately wounded.
Crazy Yiuf hits you with a +3 quarterstaff of chaos.
You suddenly lose the ability to move!
Crazy Yiuf hits you with a +3 quarterstaff of chaos!
You feel drained.
Crazy Yiuf whimpers, "Tonal green arm!"
Crazy Yiuf hits you with a +3 quarterstaff of chaos!
You are confused.
You can move again.
Unknown command.
Unknown command.
Unknown command.
Unknown command.
It was a potion of lignification.
You turn into a tree.
Your +0 scale mail melds into your body.
Your roots penetrate the ground.
L - 2 potions of lignification Crazy Yiuf hits you with a +3 quarterstaff of chaos!
You are electrocuted!
You die...

#.#
##.###...#
#.# #####..##
#.# #....#
#.#####
♣....♣ ####
#.†...#
♣...♣♣
#..########
###.†.# ♣♣.♣♣
##.........
####...# ♣.♣♣
#####.####
#......# ♣♣.♣
##.#.###
#......# ♣♣♣♣
#.###...
##......#
♣♣g♣ ##.#.###
##.......#
#'# ######.##
##...##...#
... #..# #.#
##.#.......#
#...# ##.#
#.#
#..........#
#..)# #.# #.#
#
#..#.......#
##### #.# #.#
#
#.#......#.#
#.# #.# #
#.##.....#>##
#### ####.#
#.# #


You could see Crazy Yiuf.

Vanquished Creatures
  2 adders (D:2)
  A worm (D:2)
  2 endoplasms (D:1)
  2 goblins
  9 hobgoblins
  7 jackals
  4 kobolds (D:1)
  A quokka (D:1)
  2 bats
  2 frilled lizards (D:1)
  3 rats
35 creatures vanquished.

Notes
Turn   | Place    | Note
-------+----------+-------------------------------------------
     0 | D:1      | browni3141 the Minotaur Fighter began the quest for the
                  | Orb.
     0 | D:1      | Reached XP level 1. HP: 19/19 MP: 0/0
   136 | D:1      | Found a faded altar of an unknown god.
   197 | D:1      | Reached XP level 2. HP: 25/27 MP: 1/1
   371 | D:1      | Reached skill level 3 in Axes
   831 | D:2      | Reached XP level 3. HP: 33/33 MP: 2/2
  1085 | D:2      | Found a runed translucent door.
  1086 | D:2      | Noticed Crazy Yiuf
  1672 | D:2      | Paralysed by Crazy Yiuf for 2 turns
  1675 | D:2      | Mangled by Crazy Yiuf

Illustrated notes

Levels and vault maps discovered:
D:1:      amcnicky_arrival_single_pillar, layout_loops_cross,
          shapermc_ecumenical_altar_ellora
D:2:      layout_loops_ring, uniq_crazy_yiuf_cottage

Skill      XL: |  1  2  3 |
---------------+----------+-----
Axes           | 3 |  3.5
Shields        | 4 |  4.1
Dodging        | 1 |  1.2
Armour         | 4 |  4.1
Fighting       | 4 |  4.0

Action                     || total
---------------------------++-------
  Melee: War axe           ||    91
         Headbutt          ||     9
    Use: Potion            ||     1
 Armour: Scale mail        ||    52
  Dodge: Dodged            ||    36
  Block: Buckler           ||    16
